 Dungeon Crawl Stone Soup version 0.15-a0-2246-gfd41422 (webtiles) character file.

903 PolkaDot the Jinx (level 7, -7/46 HPs)
             Began as a Vampire Enchanter on July 26, 2014.
             Was an Initiate of Kikubaaqudgha.
             Killed from afar by an orc wizard (8 damage)
             ... with a magic dart
             ... on Level 5 of the Dungeon.
             The game lasted 00:21:39 (5095 turns).

PolkaDot the Jinx (Vampire Enchanter)               Turns: 5095, Time: 00:21:39

HP  -7/46        AC  3     Str 10      XL: 7   Next: 80%
MP   3/12        EV 12     Int 19      God: Kikubaaqudgha [......]
Gold 149         SH  0     Dex 14      Spells:  3 memorised,  4 levels left

rFire  . . .     SeeInvis +     a - +1 dagger
rCold  + + .     Clarity  .     b - +1 robe
rNeg   + + +     rCorr    .     (no shield)
rPois  +         rRot     +     (no helmet)
rElec  .         Spirit   .     (no cloak)
SustAb .         Warding  .     (no gloves)
rMut   .         Stasis   .     (no boots)
Gourm  .                        (no amulet)
MR     .....                    (no ring)
                                p - +3 ring of strength

@: regenerating slowly, not resistant to hostile enchantments, quite stealthy
A: bottle blood, fangs 3, see invisible, spit poison 1, unbreathing
a: Spit Poison, Bat Form, Bottle Blood, Renounce Religion


You were on level 5 of the Dungeon.
You worshipped Kikubaaqudgha.
Kikubaaqudgha was noncommittal.
You were near bloodless.

You visited 1 branch of the dungeon, and saw 6 of its levels.

You collected 149 gold pieces.

Inventory:

Hand weapons
 a - a +1 dagger (weapon)
Missiles
 g - a throwing net (quivered)
Armour
 b - a +1 robe (worn)
Magical devices
 k - a wand of invisibility (4)
Scrolls
 e - a scroll of amnesia
 f - a scroll of immolation
 i - 2 scrolls of remove curse
 j - a scroll of teleportation
 l - a scroll of noise
 n - a scroll of recharging {unknown}
 r - a scroll of brand weapon {unknown}
Jewellery
 p - a +3 ring of strength (left hand)
Potions
 q - a potion of mutation {unknown}
Books
 c - a book of Maledictions

   Spells                             Type                      Level
   *Corona                            Hexes                        1
   Sure Blade                         Hexes/Charms                 2
   *Ensorcelled Hibernation           Hexes/Ice                    2
   *Confuse                           Hexes                        3
   Dazzling Spray                     Conjuration/Hexes            3
   Enslavement                        Hexes                        4


   Skills:
 - Level 3.0 Short Blades
 - Level 2.1 Dodging
 + Level 8.6 Stealth
 - Level 2.0 Spellcasting
 * Level 10.4 Hexes
 + Level 1.3 Necromancy
 - Level 1.0 Ice Magic


You had 4 spell levels left.
You knew the following spells:

 Your Spells              Type           Power        Failure   Level  Hunger
a - Corona                Hex            #####..      1%          1    #......
c - Confuse               Hex            #####...     1%          3    ####...
d - Ensorcelled Hibernat  Hex/Ice        ###...       2%          2    ##.....


Dungeon Overview and Level Annotations

Branches:
Dungeon (6/15)
 Temple: D:4-7

Altars:
Cheibriados
Dithmenos
Kikubaaqudgha
Makhleb
Vehumet
Xom
The Shining One


Innate Abilities, Weirdness & Mutations

You heal slowly.
You can bottle blood from corpses.
You have razor-sharp teeth.
You have supernaturally acute eyesight.
You can survive without breathing.
You can spit poison.


Message History

The orc wizard casts a spell at you. The magic dart hits you!
* * * LOW HITPOINT WARNING * * *
Drink which item? (? for menu, Esc to quit)
You feel slightly irritated.
You feel slightly more thirsty.
It was a potion of berserk rage.
The orc wizard closely misses you. The kobold hits you with a whip.
* * * LOW HITPOINT WARNING * * *
The orc wizard barely misses you.
Drink which item? (? for menu, Esc to quit)
There is a nasty taste in your mouth for a moment.
You feel fantastic!
It was a potion of beneficial mutation.
The kobold closely misses you.
The orc wizard hits you but does no damage.
Drink which item? (? for menu, Esc to quit)
You feel slightly nauseous.
It was a potion of poison.
The orc wizard casts a spell at you. The magic dart hits you!
You die...
Kikubaaqudgha rasps: "You have failed me!
Welcome... oblivion!"

#........
##################
#KK...............
#K###############.
#o# #. #K# #. #o#
#. #K# #. #@# #.
#o################
#.....%........(..
##################


You could see a big kobold, an orc wizard, 2 orcs and 4 kobolds.

Vanquished Creatures
  A phantom (D:5)
  3 ogres (D:5)
  A scorpion (D:5)
  2 crimson imps (D:5)
  2 orc priests
  A hound (D:3)
  A jelly (D:6)
  A giant frog zombie (D:5)
  An iguana (D:5)
  Natasha (D:3)
  A worker ant (D:4)
  An orc wizard (D:3)
  2 ogre skeletons (D:4)
  A gnoll (D:3)
  6 adders
  A giant mite (D:3)
  A shadow imp (D:5)
  3 worms
  3 giant geckos
  An ooze (D:5)
  7 orcs
  A bat skeleton (D:5)
  3 giant cockroaches
  8 goblins
  11 hobgoblins
  16 jackals
  5 kobolds
  2 quokkas
  2 ball pythons
  11 bats
  4 giant newts
  A goblin skeleton (D:4)
  An orc skeleton (D:5)
  7 rats
113 creatures vanquished.

Vanquished Creatures (others)
  A worker ant (D:4)
  2 gnolls (D:4)
  An adder (D:4)
  An orc (D:4)
  A giant cockroach (D:4)
  A quokka (D:4)
  A bat (D:4)
  2 kobolds (D:4)
  A rat (D:4)
11 creatures vanquished.

Grand Total: 124 creatures vanquished

Notes
Turn   | Place    | Note
--------------------------------------------------------------
     0 | D:1      | PolkaDot, the Vampire Enchanter, began the quest for the Orb.
     0 | D:1      | Reached XP level 1. HP: 13/13 MP: 3/3
   291 | D:1      | Reached XP level 2. HP: 4/19 MP: 2/4
  1135 | D:2      | Learned a level 2 spell: Ensorcelled Hibernation
  1592 | D:2      | Reached XP level 3. HP: 20/24 MP: 6/6
  1767 | D:2      | Reached skill level 5 in Hexes
  2038 | D:2      | Learned a level 3 spell: Confuse
  2274 | D:3      | Reached skill level 1 in Ice Magic
  2287 | D:3      | Reached XP level 4. HP: 30/30 MP: 2/7
  2309 | D:3      | Reached skill level 5 in Stealth
  2329 | D:3      | Reached skill level 6 in Hexes
  2529 | D:3      | Reached XP level 5. HP: 31/35 MP: 6/9
  2593 | D:3      | Found a glowing golden altar of the Shining One.
  2934 | D:3      | Noticed Natasha
  2951 | D:3      | Killed Natasha
  2951 | D:3      | Reached skill level 7 in Hexes
  3092 | D:4      | Found a burning altar of Makhleb.
  3141 | D:4      | Found a shimmering altar of Xom.
  3223 | D:4      | Found a radiant altar of Vehumet.
  3225 | D:4      | Found an ancient bone altar of Kikubaaqudgha.
  3230 | D:4      | Found a snail-covered altar of Cheibriados.
  3231 | D:4      | Found a shadowy altar of Dithmenos.
  3336 | D:4      | Reached XP level 6. HP: 7/41 MP: 5/10
  3497 | D:5      | Entered Level 5 of the Dungeon
  3523 | D:5      | Reached skill level 8 in Hexes
  3703 | D:6      | Found a burning altar of Makhleb.
  3709 | D:6      | Reached skill level 9 in Hexes
  3731 | D:5      | Reached XP level 7. HP: 30/46 MP: 0/12
  4201 | D:4      | Became a worshipper of Kikubaaqudgha
  4257 | D:5      | Reached skill level 10 in Hexes
  4572 | D:5      | Reached skill level 1 in Necromancy
  5093 | D:5      | HP: 1/46 [kobold/whip (3)]
  5094 | D:5      | Gained mutation: You can spit poison. [potion of beneficial mutation]
  5095 | D:5      | Killed from afar by an orc wizard

Action                   |  1- 3 |  4- 6 |  7- 9 || total
-------------------------+-------+-------+-------++-------
Melee: Dagger            |   165 |   123 |    97 ||   385
 Cast: Corona            |     6 |       |     1 ||     7
       Ensorcelled Hiber |    15 |    33 |    38 ||    86
       Confuse           |     1 |     4 |     4 ||     9
  Use: Potion            |     1 |     1 |     4 ||     6
       Scroll            |       |     8 |     1 ||     9
 Stab: Sleeping          |    11 |    25 |    20 ||    56
       Confused          |     1 |     4 |     4 ||     9
       Distracted        |     1 |       |       ||     1
  Eat: Corpse            |       |     1 |     1 ||     2
